 Dungeon Crawl Stone Soup version 0.31.0-11-ge490571c62 (webtiles) character file.

Game seed: 9710180150078714423

105 sanka the Cudgeller (level 4, -4/40 HPs)
             Began as a Minotaur Fighter on Jan 31, 2024.
             Slain by Pikel
             ... wielding a +0 whip of freezing
              (6 damage)
             ... on level 4 of the Dungeon.
             The game lasted 00:03:18 (2631 turns).

sanka the Cudgeller (Minotaur Fighter)              Turns: 2631, Time: 00:03:19

Health: -4/40      AC: 11    Str: 20    XL:     4   Next: 53%
Magic:  3/3        EV:  5    Int:  5    God:
Gold:   140        SH:  4    Dex: 12    Spells: 3/3 levels left

rFire   . . .        a - +0 flail
rCold   . . .        c - +0 buckler
rNeg    . . .        i - +0 plate armour
rPois   .            (helmet restricted)
rElec   .            (no cloak)
rCorr   .            (no gloves)
SInv    .            (no boots)
Will    .....        (no amulet) Stlth
                     (no ring)
HPRegen 0.26/turn    o - ring of flight
MPRegen 0.08/turn

%: no passive effects
@: flying
A: horns 2, retaliatory headbutt
a: no special abilities


You were on level 4 of the Dungeon.
You visited 1 branch of the dungeon, and saw 4 of its levels.

You collected 140 gold pieces.


Innate Abilities, Weirdness & Mutations

You have a pair of horns on your head.
You reflexively headbutt those who attack you in melee.


   Skills:
 - Level 4.0 Fighting
 + Level 5.6 Maces & Flails
 - Level 3.6 Armour
 - Level 3.6 Shields


You had 3 spell levels left.
You didn't know any spells.
Your spell library was empty.

Inventory:

Hand Weapons
 a - a +0 flail (weapon)
Armour
 b - the +3 leather armour of Nyuzo {Str+2 Int+2 Dex+5}

   Str+2:     It affects your strength (+2).
   Int+2:     It affects your intelligence (+2).
   Dex+5:     It affects your dexterity (+5).
 c - a +0 buckler (worn)
 i - a +0 plate armour (worn)
 q - a +0 kite shield
Jewellery
 o - a ring of flight (right hand)
Scrolls
 e - a scroll of enchant weapon {unknown}
 g - a scroll of silence {unknown}
 h - 2 scrolls of noise {unknown}
 j - a scroll of teleportation {unknown}
 k - a scroll of identify {unknown}
 p - a scroll of fog {unknown}
 s - a scroll of blinking {unknown}
 t - a scroll of enchant armour {unknown}
Potions
 d - a potion of might
 f - 3 potions of resistance {unknown}
 l - a potion of haste {unknown}
 m - a potion of attraction {unknown}
 n - a potion of ambrosia {unknown}
 r - 3 potions of enlightenment {unknown}
 u - a potion of lignification {unknown}

Dungeon Overview and Level Annotations

Branches:
Dungeon (4/15)
 Temple: D:4-7

Altars:
Yredelemnul

Shops:
D:1 :

Annotations:
D:4 Pikel

▒.........▒
▒.........▒▒▒...
▒.........▒.'...
▒.........▒.▒..
▒.........▒.▒B.
▒.........▒.▒5▒'
▒▒▒▒....▒▒▒.▒5▒
▒....▒▒▒.▒K▒
▒▒▒......H.▒
▒▒.....▒.▒
▒▒...>▒.▒
▒▒.▒....
...▒...▒.
▒▒▒▒▒▒▒.▒.▒ .▒ .
▒▒ ▒▒


You could see Pikel, 2 lemures and a bombardier beetle.


Message History

Pikel is heavily wounded.
Pikel hits you with a +0 whip of freezing!
* * * LOW HITPOINT WARNING * * *
Pikel freezes you.
* * * LOW HITPOINT WARNING * * *
You sock Pikel! Your headbutt misses Pikel.
Pikel is severely wounded.
Pikel hits you but does no damage.
You barely miss Pikel.
Pikel is severely wounded.
Pikel barely misses you.
You hit Pikel. Your headbutt misses Pikel.
Pikel is severely wounded.
Pikel hits you but does no damage.
You hit Pikel.
Pikel is severely wounded.
Pikel hits you but does no damage.
You barely miss Pikel. You headbutt Pikel, but do no damage.
Pikel is severely wounded.
Pikel says, "You'll feel the lick of my whip!"
Pikel hits you with a +0 whip of freezing.
* * * LOW HITPOINT WARNING * * *
Pikel freezes you.
* * * LOW HITPOINT WARNING * * *
Pikel hits you with a +0 whip of freezing.
You die...
Pikel says, "See you in Hell!"

Action                     |  1- 3 |  4- 6 || total
---------------------------+-------+-------++-------
  Melee: Flail             |   121 |    31 ||   152
         Headbutt          |    14 |     6 ||    20
 Armour: Scale mail        |    29 |       ||    29
         Plate armour      |    73 |    29 ||   102
  Dodge: Dodged            |    43 |     5 ||    48
  Block: Buckler           |    32 |     5 ||    37

Levels and vault maps discovered:
D:1:      lemuel_arrival_river_ford, layout_loops_ring, serial_shops,
          nicolae_book_shop_shelving, serial_bayou_crossing
D:2:      layout_basic
D:3:      layout_basic, mainiacjoe_overflow_catwalk, nrook_mini_backslash
D:4:      layout_basic, mainiacjoe_overflow_tiny_flanked,
          mainiacjoe_overflow_paths, mainiacjoe_overflow_alcove_1,
          nicolae_overflow_squiral, serial_bayou_ford_a, uniq_pikel

Notes
Turn   | Place    | Note
-------+----------+-------------------------------------------
     0 | D:1      | sanka the Minotaur Fighter began the quest for the Orb.
     0 | D:1      | Reached XP level 1. HP: 19/19 MP: 0/0
   147 | D:1      | Reached skill level 4 in Fighting
   178 | D:1      | Reached skill level 3 in Maces & Flails
   178 | D:1      | Reached XP level 2. HP: 27/27 MP: 1/1
   189 | D:1      | Found Mur Uvyo's Book Boutique.
   615 | D:1      | Reached skill level 4 in Maces & Flails
   848 | D:2      | Reached XP level 3. HP: 33/33 MP: 2/2
   851 | D:2      | Identified the +3 leather armour of Nyuzo {Str+2 Int+2
                  | Dex+5}
  1632 | D:3      | Found a basalt altar of Yredelemnul.
  2412 | D:4      | Reached skill level 5 in Maces & Flails
  2412 | D:4      | Reached XP level 4. HP: 33/40 MP: 3/3
  2492 | D:4      | Noticed a lemure
  2492 | D:4      | Noticed a lemure
  2520 | D:4      | Killed a lemure
  2526 | D:4      | Killed a lemure
  2611 | D:4      | Noticed Pikel
  2611 | D:4      | Noticed a lemure
  2612 | D:4      | Noticed a lemure
  2631 | D:4      | HP: 2/40 [Pikel/+0 whip of freezing (3)]
  2631 | D:4      | Slain by Pikel

Vanquished Creatures
  2 lemures (D:4)
  A howler monkey (D:4)
  A dart slug (D:3)
  2 orcs (D:3)
  8 ball pythons
  3 endoplasms
  2 giant cockroaches
  10 goblins
  3 hobgoblins
  4 jackals (D:1)
  4 kobolds
  5 quokkas
  6 bats
  A frilled lizard (D:2)
  5 rats
57 creatures vanquished.
